Map: Winter's Gate LE

Players

pHARM

  • Race: Zerg Zerg
  • League: Platinum
  • Spawn Location: 11:00

Pureflu - Winner!

  • Race: Terran Terran
  • Spawn Location: 5:00

VOD

Have the link to the VOD?

Description

Time

  • Played on: Aug. 25, 2019, 8:37 a.m.
  • Length: 12:04
Show
View Real Time Build Order
Export as new Build Order

pHARM Zerg 

Build Orders: Hatch First 

Get SALT Encoding   

  12  0:01  Drone  
  13  0:19  Overlord  
  14  0:21  Drone  
  14  0:38  Drone x2  
  16  0:43  Drone  
  17  0:55  Hatchery  
  16  0:59  Drone  
  17  1:05  Drone  
  18  1:19  Spawning Pool  
  18  1:20  Drone  
  18  1:31  Drone  
  19  1:37  Drone  
  20  1:43  Extractor  
  19  1:49  Drone  
  20  1:58  Overlord  
  20  2:08  Drone x2  
  21  2:12  Queen x2  
  26  2:22  Drone  
  27  2:23  Drone  
  28  2:36  Zergling x4  
  30  3:16  Metabolic Boost  
  30  3:17  Drone  
  30  3:18  Drone x5  
  36  3:48  Overlord x2  
  36  3:51  Lair  
  36  4:06  Queen  
  36  4:07  Overlord x2  
  36  4:08  Drone x7  
  36  4:09  Drone  
  46  4:24  Extractor  
  46  4:26  Extractor  
  46  4:29  Hatchery  
  43  4:34  Baneling Nest  
  43  4:36  Evolution Chamber  
  41  4:40  Drone x7  
  41  4:41  Drone  
  41  4:43  Evolution Chamber  
  48  5:04  Zerg Melee Weapons Level 1  
  48  5:12  Drone  
  49  5:20  Zerg Ground Armor Level 1  
  49  5:22  Centrifical Hooks  
  49  5:25  Overlord x2  
  49  5:26  Zergling x10  
  49  5:27  Zergling x2  
  55  5:42  Zergling x12  
  61  5:49  Baneling x4  
  61  5:50  Baneling x4  
  61  6:06  Drone x3  
  61  6:08  Hydralisk Den  
  61  6:09  Extractor  
  48  6:50  Drone x3  
  48  6:54  Drone x2  
  53  7:09  Zerg Melee Weapons Level 2  
  53  7:13  Drone x3  
  53  7:14  Drone x13  
  69  7:28  Grooved Spines  
  69  7:29  Hatchery  
  68  7:30  Infestation Pit  
  68  7:31  Overlord x3  
  68  7:32  Hydralisk x3  
  73  7:45  Extractor  
  73  7:47  Extractor  
  73  7:48  Drone x9  
  80  8:22  Overseer  
  80  8:36  Hive  
  80  8:39  Muscular Augments  
  80  8:40  Zergling x10  
  80  8:41  Zergling x16, Spire  
  80  8:56  Zergling x4  
  80  8:57  Zergling x2  
  80  9:01  Baneling x5  
  80  9:02  Baneling x13  
  83  9:06  Hydralisk  
  83  9:07  Hydralisk x2  
  87  9:20  Hydralisk x5  
  87  9:21  Hydralisk  
  99  9:26  Queen  
  94  9:48  Hydralisk x8  
  94  9:49  Baneling Nest  
  91  10:10  Zergling x22  
  92  10:19  Zergling x12  
  90  10:23  Zergling x2  
  90  10:26  Greater Spire  
  90  10:28  Zergling x2  
  70  10:35  Zergling x2  
  70  10:36  Zergling x10  
  70  10:39  Baneling  
  70  10:40  Baneling  
  70  10:41  Zergling x2  
  70  10:42  Zergling x6  
  79  10:44  Queen x2  
  74  10:57  Zergling x2  
  74  10:58  Zergling x8  
  74  11:03  Baneling  
  74  11:04  Baneling x2  
  73  11:05  Zergling x4  
  74  11:16  Corruptor x6  
  83  11:20  Queen  
  72  11:35  Corruptor x2  
Show
View Real Time Build Order
Export as new Build Order

Pureflu Terran - Winner!

Build Orders: Gas First Reaper Expand 

Get SALT Encoding   

  12  0:01  SCV  
  13  0:13  SCV  
  14  0:20  Supply Depot  
  14  0:25  SCV  
  15  0:32  Refinery  
  15  0:41  SCV  
  16  0:49  Barracks  
  16  0:53  SCV  
  17  1:06  SCV  
  18  1:18  SCV  
  19  1:35  Orbital Command  
  19  1:37  Reaper  
  20  1:52  Command Center  
  20  2:07  Factory  
  20  2:10  Reaper  
  21  2:16  SCV  
  22  2:28  SCV, Supply Depot  
  23  2:37  Refinery  
  23  2:50  SCV  
  24  3:03  Widow Mine  
  26  3:08  Barracks  
  26  3:10  Barracks Reactor  
  26  3:17  Orbital Command  
  25  3:21  Bunker  
  25  3:26  Starport  
  25  3:29  SCV  
  26  3:42  SCV  
  26  3:45  SCV  
  28  3:51  Marine x2  
  28  3:54  Factory Tech Lab  
  30  3:56  Engineering Bay  
  30  3:59  Barracks Tech Lab  
  30  4:03  SCV x2  
  32  4:11  Marine x2  
  32  4:15  SCV  
  32  4:16  SCV  
  36  4:17  Starport Reactor  
  36  4:26  Siege Tank  
  36  4:27  SCV  
  36  4:30  SCV  
  41  4:35  Supply Depot  
  41  4:38  Marine x2  
  41  4:39  Marine, Supply Depot  
  41  4:40  SCV, Stimpack  
  41  4:42  SCV  
  46  4:56  SCV, Medivac x2  
  46  4:59  Marine  
  51  5:00  Marine x2  
  54  5:07  Supply Depot  
  54  5:27  Marine x3  
  60  5:28  Siege Tank  
  60  5:44  Marine  
  60  5:45  Marine  
  60  5:47  SCV  
  60  5:48  Barracks  
  60  5:49  Barracks x2  
  63  6:00  Siege Tank  
  66  6:16  Marine x3  
  69  6:19  Terran Infantry Weapons Level 1  
  69  6:20  Combat Shield  
  69  6:33  Marine  
  70  6:46  Marine x2  
  61  6:47  Barracks Reactor, Barracks Tech Lab  
  61  6:51  Marine x2  
  63  6:56  Medivac  
  65  7:04  Marine x2, Command Center  
  65  7:05  Refinery  
  65  7:06  SCV x2, Refinery  
  69  7:09  Marine  
  69  7:10  Supply Depot  
  69  7:12  Supply Depot  
  70  7:27  Liberator  
  70  7:31  Marine x2, SCV x2  
  70  7:35  Barracks Reactor  
  74  7:39  Marine x3  
  74  7:40  Marauder  
  74  7:44  SCV, Supply Depot  
  80  7:49  Marine  
  80  7:50  Marauder  
  86  8:05  Marine x3  
  86  8:06  Siege Tank, Marauder  
  94  8:16  Marine x2, Supply Depot  
  94  8:17  Supply Depot  
  94  8:18  Supply Depot  
  95  8:23  Marine x2  
  95  8:48  Marine x6, Siege Tank  
  100  8:49  Marine x2  
  106  9:06  Marine  
  106  9:07  Marauder x2  
  111  9:17  Marine x5  
  111  9:23  Marine  
  117  9:28  Marauder  
  116  9:45  Marine x5, Siege Tank  
  121  9:46  Marine x2  
  114  10:10  Marine x4  
  114  10:11  Marine x4  
  118  10:17  Siege Tank  
  110  10:27  Liberator x2  
  110  10:28  Marine x5  
  105  10:29  Marine x3  
  108  10:45  Marine  
  108  10:46  Marine x6  
  108  10:47  Marine  
  116  11:03  Marine  
  116  11:04  Marine x7  
  116  11:08  Siege Tank  
  125  11:21  Marine x2  
  125  11:22  Marine x4  
  127  11:31  Marine x2  
  130  11:39  Marine x3  
Tags
 
Add a new tag
Caveats
  • Supply blocks, unpowered buildings, or Contaminate may cause inaccurate times.
  • Supply counts are checked every 10 seconds.